 Dungeon Crawl Stone Soup version 0.30-a0-272-gf98c3da03f (webtiles) character file.

Game seed: 16463666554193582535

7869 shadowtrooper the Severer (level 11, -5/95 HPs)
             Began as a Hill Orc Fighter on Oct 15, 2022.
             Was an Elder of Okawaru.
             Slain by a seven-headed hydra (6 damage)
             ... on level 10 of the Dungeon.
             The game lasted 00:16:57 (9717 turns).

shadowtrooper the Severer (Hill Orc Fighter)        Turns: 9717, Time: 00:16:57

Health: -5/95      AC: 24    Str: 24    XL:     11   Next: 22%
Magic:  0/11       EV:  9    Int:  8    God:    Okawaru [****..]
Gold:   351        SH:  0    Dex: 10    Spells: 10/10 levels left

rFire   . . .      SeeInvis .    P - +2 battleaxe (freeze)
rCold   . . .      Faith    .    (shield currently unavailable)
rNeg    . . .      Spirit   +    M - +0 chain mail
rPois   .          Reflect  .    s - +2 helmet
rElec   .          Harm     .    t - +1 cloak
rCorr   .          Rampage  .    (no gloves)
Will    .....                    (no boots)
Stlth   ..........               l - amulet of guardian spirit
HPRegen 0.35/turn                j - +4 ring of protection
MPRegen 0.12/turn                y - +4 ring of protection

@: about to teleport, slowed, very slow
A: no striking features
a: Renounce Religion, Heroism, Finesse


You were on level 10 of the Dungeon.
You worshipped Okawaru.
Okawaru was greatly pleased with you.
You visited 2 branches of the dungeon, and saw 11 of its levels.
You also visited: Ossuary.

You collected 527 gold pieces.
You spent 176 gold pieces at shops.

Inventory:

Hand Weapons
 a - a +0 war axe
 P - a +2 battleaxe of freezing (weapon)
Missiles
 n - 142 stones (quivered)
 r - a throwing net
Armour
 c - a +0 buckler
 s - a +2 helmet (worn)
 t - a +1 cloak (worn)
 J - the +1 cloak of the Three Underlurkers {Will- rCorr Str-3 Int+8}
   (You found it on level 5 of the Dungeon)

   Str:       It affects your strength (-3).
   Int:       It affects your intelligence (+8).
   rCorr:     It protects you from acid and corrosion.
   Will:      It decreases your willpower.
 M - a +0 chain mail (worn)
Jewellery
 j - a +4 ring of protection (left hand)
 l - an amulet of guardian spirit (around neck)
 q - an amulet of regeneration
 w - the ring "Pikavulo" {Wiz rElec SInv}
   (You found it on level 3 of the Dungeon)

   [ring of wizardry]

   It improves your spell success rate.
   rElec:     It insulates you from electricity.
   SInv:      It lets you see invisible.
 y - a +4 ring of protection (right hand)
 R - an amulet of faith
Wands
 i - a wand of roots (28)
 O - a wand of light (3)
 Q - a wand of flame (7)
Scrolls
 d - 2 scrolls of fear {unknown}
 e - 2 scrolls of magic mapping
 f - a scroll of identify
 g - 5 scrolls of teleportation
 h - a scroll of noise
 k - a scroll of immolation
 m - 3 scrolls of enchant armour
 o - 2 scrolls of vulnerability
 p - 5 scrolls of poison
 z - a scroll of silence {unknown}
 D - 2 scrolls of brand weapon {unknown}
 K - a scroll of enchant weapon {unknown}
 N - a scroll of amnesia {unknown}
Potions
 b - a potion of berserk rage {unknown}
 u - 2 potions of mutation
 v - 4 potions of curing
 x - a potion of might
 A - 2 potions of brilliance {unknown}
 B - 4 potions of lignification
 C - 6 potions of heal wounds
 E - a potion of flight {unknown}
 F - 2 potions of haste
 G - a potion of invisibility {unknown}
 H - a potion of magic {unknown}
 I - 3 potions of resistance {unknown}
 L - 3 potions of degeneration {unknown}


   Skills:
 + Level 8.6 Fighting
 * Level 17.3 Axes
 + Level 7.4 Armour
 + Level 2.5 Dodging
 + Level 0.8 Stealth
 + Level 5.3 Shields


You had 10 spell levels left.
You didn't know any spells.
Your spell library contained the following spells:

 Spells                   Type           Power      Damage    Failure   Level
 Dazzling Flash           Conj/Hex       0%         N/A       100%        3
 Inner Flame              Hex/Fire       0%         N/A       100%        3
 Flame Wave               Conj/Fire      0%         2d4       100%        4
 Iskenderun's Mystic Bla  Conj/Tloc      0%         2d3       100%        4
 Sticky Flame             Conj/Fire      0%         2d3       100%        4
 Starburst                Conj/Fire      0%         6d3       100%        6


Dungeon Overview and Level Annotations

Branches:
Dungeon (10/15)            Temple (1/1) D:6            Lair (0/5) D:8
Ossuary (visited)
    Orc: D:9-12

Altars:
Ashenzari
Cheibriados
Dithmenos
Elyvilon
Fedhas
Gozag
Hepliaklqana
Kikubaaqudgha
Makhleb
Nemelex Xobeh
Okawaru
Qazlal
Ru
Sif Muna
Trog
Uskayaw
Vehumet
Wu Jian
Xom
Yredelemnul
Zin
The Shining One
Jiyva

Shops:
D:4 !

Annotations:
D:8 3 runed translucent doors, koil's ghost, novice SpEn


Message History

The seven-headed hydra barely misses you.
The seven-headed hydra bites you but does no damage.
Keep disrobing? [Y]es or [N]o only, please.
Keep disrobing? [Y]es or [N]o only, please.
Keep disrobing?
You stop removing your amulet.
The seven-headed hydra bites you.
* * * LOW HITPOINT WARNING * * *
The seven-headed hydra bites you!
* * * LOW HITPOINT WARNING * * *
The seven-headed hydra bites you but does no damage. x2
The seven-headed hydra bites you.
* * * LOW HITPOINT WARNING * * *
As you read the scroll of teleportation, it crumbles to dust.
You feel strangely unstable.
You feel sick.
You are no longer poisoned.
The seven-headed hydra bites you but does no damage.
The seven-headed hydra barely misses you.
The seven-headed hydra bites you but does no damage.
The seven-headed hydra bites you!
* * * LOW HITPOINT WARNING * * *
The seven-headed hydra bites you.
* * * LOW HITPOINT WARNING * * *
The seven-headed hydra bites you but does no damage.
The seven-headed hydra barely misses you. x2
The seven-headed hydra completely misses you.
The seven-headed hydra closely misses you.
The seven-headed hydra bites you but does no damage.
The seven-headed hydra barely misses you.
The seven-headed hydra bites you but does no damage. x2
The seven-headed hydra bites you but does no damage. x2
The seven-headed hydra closely misses you.
The seven-headed hydra bites you but does no damage.
The seven-headed hydra bites you.
* * * LOW HITPOINT WARNING * * *
The seven-headed hydra bites you.
* * * LOW HITPOINT WARNING * * *
The seven-headed hydra bites you.
You die...

...............#....+ .....
............#.†..# .....
#########.....#..### .....
#..........####..######...
#..........#.....#....#...
#..........#.....#....#...
#..........#.....'....#
#........D.#.....#....#
#........@.#.....#....#
########..........#'##########
...........................
........#####.....)........
........'...'...)..........
........#...#..............
........#...#..............
#########...#..............
#...#..............


You could see a seven-headed hydra.

Vanquished Creatures
  2 two-headed ogres
  A manticore (D:10)
  Prince Ribbit (D:7)
  A hornet (D:10)
  Sigmund (D:2)
  6 yaks (D:10)
  4 wraiths
  2 wargs
  3 orc warriors
  4 sky beasts
  3 ogres
  2 black bears (D:7)
  A centaur (D:10)
  5 kobold brigands
  2 gnoll sergeants
  4 bullfrogs
  A scorpion (D:6)
  16 wights
  3 killer bees (D:10)
  2 howler monkeys (D:7)
  7 orc priests
  A jelly (D:6)
  5 hounds
  Crazy Yiuf (D:5)
  5 iguanas
  Ijyb (D:2)
  13 orc wizards
  9 gnolls
  6 adders
  A worm zombie (D:4)
  An adder zombie (Ossuary)
  13 dart slugs
  28 orcs
  4 endoplasms
  3 giant cockroaches
  9 hobgoblins
  4 jackals (D:3)
  2 quokkas
  6 ball pythons
  5 bats
  2 frilled lizards (D:1)
  3 goblins
  A hobgoblin skeleton (Ossuary)
  2 hobgoblin zombies (Ossuary)
  28 kobolds
  A kobold zombie (Ossuary)
  2 orc skeletons (Ossuary)
  2 rats
  A spectral hobgoblin (D:1)
230 creatures vanquished.

Notes
Turn   | Place    | Note
-------+----------+-------------------------------------------
     0 | D:1      | shadowtrooper the Hill Orc Fighter began the quest for the
                  | Orb.
     0 | D:1      | Reached XP level 1. HP: 19/19 MP: 1/1
   126 | D:1      | Reached skill level 3 in Axes
   131 | D:1      | Reached XP level 2. HP: 27/27 MP: 2/2
   371 | D:1      | Reached XP level 3. HP: 29/33 MP: 1/3
   523 | D:1      | Found a faded altar of an unknown god.
   932 | D:2      | Noticed Sigmund
   939 | D:2      | Killed Sigmund
   940 | D:2      | Reached skill level 5 in Axes
   940 | D:2      | Reached XP level 4. HP: 40/40 MP: 4/4
   940 | D:2      | Reached XP level 5. HP: 46/46 MP: 5/5
  1236 | D:3      | Noticed Ijyb
  1258 | D:2      | Killed Ijyb
  1259 | D:2      | Reached skill level 6 in Axes
  1429 | D:3      | Reached XP level 6. HP: 22/53 MP: 0/6
  1990 | D:3      | Identified the ring "Pikavulo" {Wiz rElec SInv}
  2523 | D:4      | Reached skill level 7 in Axes
  2665 | D:4      | Found a shimmering altar of Xom.
  2770 | D:4      | Found a sand-covered staircase.
  2799 | D:4      | Found Aroa's Distillery.
  2811 | D:4      | Reached XP level 7. HP: 41/60 MP: 4/7
  2821 | D:4      | Bought a potion of curing for 33 gold pieces
  2821 | D:4      | Bought 2 potions of heal wounds for 110 gold pieces
  2821 | D:4      | Bought a potion of curing for 33 gold pieces
  2830 | Ossuary  | Entered an ossuary
  2989 | Ossuary  | Noticed a wraith
  2989 | Ossuary  | Noticed a flying skull
  3028 | Ossuary  | Noticed a flying skull
  3035 | Ossuary  | Noticed a flying skull
  3042 | Ossuary  | Reached skill level 8 in Axes
  3050 | Ossuary  | Noticed a flying skull
  3056 | Ossuary  | Noticed a wraith
  3067 | Ossuary  | Killed a wraith
  3068 | Ossuary  | Reached skill level 5 in Fighting
  3068 | Ossuary  | Reached skill level 1 in Dodging
  3090 | Ossuary  | Noticed a wraith
  3096 | Ossuary  | Killed a wraith
  3097 | Ossuary  | Reached skill level 9 in Axes
  3097 | Ossuary  | Reached XP level 8. HP: 64/68 MP: 5/8
  3250 | D:5      | Entered Level 5 of the Dungeon
  3281 | D:4      | Reached skill level 5 in Armour
  3492 | D:4      | Reached skill level 10 in Axes
  3928 | D:5      | Identified the +1 cloak of the Three Underlurkers {Will-
                  | rCorr Str-3 Int+8}
  4611 | D:4      | Reached skill level 11 in Axes
  4955 | D:5      | Found a runed translucent door.
  4956 | D:5      | Noticed Crazy Yiuf
  5187 | D:5      | Killed Crazy Yiuf
  5376 | D:6      | Found a staircase to the Ecumenical Temple.
  5385 | Temple   | Entered the Ecumenical Temple
  5385 | Temple   | Found a transporter.
  5385 | Temple   | Found a transporter.
  5387 | Temple   | Found a transporter.
  5387 | Temple   | Found a transporter.
  5435 | Temple   | Became a worshipper of Warmaster Okawaru
  5556 | D:6      | Reached XP level 9. HP: 58/75 MP: 5/9
  5722 | D:6      | Reached skill level 12 in Axes
  6269 | D:7      | Reached skill level 13 in Axes
  6277 | D:7      | Reached * piety under Okawaru
  6708 | D:7      | Noticed Prince Ribbit
  6725 | D:7      | Killed Prince Ribbit
  6796 | D:8      | Found an ancient bone altar of Kikubaaqudgha.
  6806 | D:8      | Reached ** piety under Okawaru
  6807 | D:8      | Reached skill level 14 in Axes
  6970 | D:8      | Reached skill level 5 in Shields
  7007 | D:8      | Found a white marble altar of Elyvilon.
  7049 | D:8      | Found a runed translucent gate.
  7051 | D:8      | Found a runed translucent gate.
  7052 | D:8      | Found a runed translucent gate.
  7055 | D:8      | Found a viscous altar of Jiyva.
  7055 | D:8      | Noticed koil's ghost (novice SpEn)
  7099 | D:8      | Found a staircase to the Lair.
  7143 | D:7      | Reached XP level 10. HP: 14/84 MP: 3/10
  7919 | D:8      | Reached skill level 15 in Axes
  8233 | D:9      | Noticed a two-headed ogre
  8252 | D:9      | Killed a two-headed ogre
  8252 | D:9      | Reached *** piety under Okawaru
  9231 | D:9      | Reached skill level 16 in Axes
  9421 | D:10     | Entered Level 10 of the Dungeon
  9450 | D:10     | Reached **** piety under Okawaru
  9539 | D:10     | Reached XP level 11. HP: 81/94 MP: 9/11
  9549 | D:10     | Reached skill level 17 in Axes
  9623 | D:10     | Noticed a two-headed ogre
  9632 | D:10     | Killed a two-headed ogre
  9682 | D:10     | Noticed a manticore
  9684 | D:10     | Noticed a cyan ugly thing
  9687 | D:10     | Killed a manticore
  9688 | D:10     | Noticed a green ugly thing
  9688 | D:10     | Noticed a seven-headed hydra
  9717 | D:10     | HP: 1/95 [seven-headed hydra (4)]
  9717 | D:10     | Slain by a seven-headed hydra

Illustrated notes

Levels and vault maps discovered:
D:1:      dpeg_arrival_rooms_with_view, layout_loops_cross,
          dreamdust_ecumenical_altar_drowned_temple
D:2:      layout_rooms, uniq_sigmund
D:3:      kennysheep_slugbush, layout_basic, dk_noncrumbling_2, minivault_23,
          uniq_ijyb
D:4:      layout_basic, lemuel_round_altar, serial_shops, shop, enter_ossuary_3,
          due_unseen_surprise
D:5:      layout_basic, minmay_crystal_room, kennysheep_small_spiral,
          grunt_decor_cap, serial_park_tiny_pond, uniq_crazy_yiuf_cottage
D:6:      layout_basic, minmay_temple_entry_mist, serial_glass, glass_columns_a,
          glass_columns_b, glass_columns_c, glass_columns_b, glass_columns_a,
          glass_columns_a
D:7:      layout_rooms, uniq_prince_ribbit1
D:8:      layout_basic, mainiacjoe_overflow_catwalk_spiral,
          erik_lair_orcish_takeover, gammafunk_ghost_ooze, minmay_diced_spiral
D:9:      layout_grid_maze
D:10:     minmay_cut_squares, layout_gridville, enter_trove_2
Temple:   hellmonk_temple_divided_pantheon

Skill      XL: |  1  2  3  4  5  6  7  8  9 10 11 |
---------------+----------------------------------+-----
Axes           | 3 5 6 7 9 11 14 16 17 | 17.3
Fighting       | 4 5 6 8 |  8.6
Armour         | 4 5 6 7 |  7.4
Shields        | 4 5 |  5.3
Dodging        | 1 2 |  2.5
Stealth        | |  0.8

Action                   |  1- 3 |  4- 6 |  7- 9 | 10-12 || total
-------------------------+-------+-------+-------+-------++-------
Melee: War axe           |    75 |   116 |   463 |   135 ||   789
       Battleaxe         |       |       |       |    67 ||    67
  Use: Potion            |     1 |     3 |     2 |       ||     6
       Scroll            |     1 |     5 |     2 |     3 ||    11
Armor: Scale mail        |    35 |    54 |   195 |       ||   284
       Skin              |       |     1 |       |       ||     1
       Chain mail        |       |       |    35 |   127 ||   162
Dodge: Dodged            |    44 |    41 |   140 |    82 ||   307
Block: Buckler           |    30 |    36 |    86 |    22 ||   174

Table legend: (Time is in decaauts)
 A = Elapsed time spent in this place.
 B = Non-inter-level travel time spent in this place.
 C = Inter-level travel time spent in this place.
 D = Time resting spent in this place.
 E = Time spent auto-exploring this place.
 F = Levels seen in this place.
 G = Mean time per level.
                   A        B        C        D        E       F      G
               +--------+--------+--------+--------+--------+-----+--------+
         Total |   9785 |   9204 |    581 |   1255 |   6076 |  12 |  815.4 |
       Dungeon |   9287 |   8754 |    533 |   1255 |   5813 |  10 |  928.7 |
        Temple |     86 |     39 |     47 |      0 |      5 |   1 |   86.0 |
       Ossuary |    412 |    412 |      0 |      0 |    257 |   1 |  412.0 |
               +--------+--------+--------+--------+--------+-----+--------+

Top non-repeatable levels by time:
     D:5: 1559 daAuts
     D:8: 1234 daAuts
     D:7: 1059 daAuts
     D:9: 1035 daAuts
     D:3: 1012 daAuts
     D:4: 962 daAuts
     D:1: 886 daAuts
     D:2: 621 daAuts
     D:6: 619 daAuts
 Ossuary: 412 daAuts
    D:10: 296 daAuts
  Temple: 86 daAuts
